[Event "13th KIIT Festival-A 2022"]
[Site "Bhubaneswar"]
[Date "2022.05.28"]
[Round "9.19"]
[White "Rohit S"]
[Black "Shaik Sumer Arsh"]
[Result "1/2-1/2"]
[ECO "C78"]
[WhiteElo "2141"]
[BlackElo "1999"]
[Annotator "TA"]
[PlyCount "77"]
[EventDate "2022.05.15"]
[EventType "swiss"]
[EventCountry "IND"]
[SourceTitle "playchess.com"]
[Source "ChessBase"]
[SourceQuality "1"]
[TimeControl "5400+30"]

1. e4 e5 2. Nf3 Nc6 3. Bb5 a6 4. Ba4 Nf6 5. O-O b5 6. Bb3 Bc5 7. a4 Rb8 8. c3 d6 9. d4 Bb6 10. a5 {[%emt 0:00:06] C78: Ruy Lopez: Archangelsk and Möller Defences.} Ba7 (10... Bxa5 $2 11. dxe5 dxe5 12. Qxd8+ Kxd8 13. Bd5 (13. Bxf7 Bb6 $16) 13... Nxd5 14. exd5 $18) 11. h3 O-O 12. Be3 Ra8 {[%emt 0:09:39] 12...Re8 is the modern continuation.} 13. Nbd2 Bb7 14. Qe2 (14. Re1 $14) 14... h6 (14... exd4 $15 15. cxd4 (15. Nxd4 Nxd4 16. Bxd4 c5 $15) 15... Nb4) 15. Rfd1 $11 {[%emt 0:01:51] [#]} exd4 $146 ({Predecessor:} 15... Re8 16. dxe5 Nxe5 17. Nxe5 Rxe5 18. Bxa7 Rxa7 19. f4 Re7 20. e5 Ra8 21. Nf3 Nh5 {1-0 (40) Swiercz,D (2648)-Durarbayli,V (2626) Saint Louis 2019}) 16. cxd4 Nb4 17. e5 (17. Rac1 $5 ) 17... Nfd5 18. Ne4 Nxe3 (18... Qe7 $5 ) 19. Qxe3 dxe5 20. Nxe5 {[%emt 0:00:25] Pair of Knights!} Bd5 (20... Qe7 $1 $11 {keeps the balance.} 21. Nc5 Bxc5 22. dxc5 Rae8) 21. Rac1 $16 c6 22. Qc3 $2 (22. Bxd5 $16 {keeps the pressure on.} Qxd5 23. Nf6+ gxf6 24. Qxh6) 22... Bxe4 $17 23. Qxb4 Qg5 24. g3 Rad8 (24... Rae8 $1 $17 25. Qd6 (25. Nxc6 $2 Qf6 $17) 25... Bxd4 $1 26. Qxd4 Rxe5) 25. Nxc6 {[%emt 0:14:39] Really sharp!} Qh5 26. Re1 $1 (26. Nxd8 Qxh3 27. f3 Qxg3+ 28. Kf1 Qxf3+ 29. Ke1 Qg3+ 30. Kf1 Qf4+ 31. Kg1 Qg3+ 32. Kf1 Bg2+ 33. Ke2 Bf3+ 34. Ke3 Bxd1+ 35. Kd2 Bxb3 $19) 26... Bxc6 (26... Qf3 $2 27. Rxe4 Qxe4 {[#]} 28. Bc2 $1 $18 (28. Nxa7 Rxd4 29. Qc5 Rd2 $16) (28. Nxd8 Rxd8 29. Rc7 Qxd4 $16)) 27. Rxc6 {[%emt 0:00:06] Kg2 is the strong threat.} Qxh3 (27... Bxd4 $5 28. Kg2 (28. Rd6 $2 Bc5 $19) 28... Qf5 $11) 28. Rd6 {[%emt 0:08:56] Active counter play!} Rxd6 (28... Rc8 $1 $11 {remains equal.}) 29. Qxd6 $16 {[%emt 0:00:02] Black must now prevent Re7.} Qg4 30. Rd1 (30. Qxa6 $16 Qxd4 31. Re3) 30... Qf3 $11 {[%emt 0:00:00] The position is equal.} 31. Qd5 Qxd5 32. Bxd5 {[%emt 0:00:01][%mdl 4096] Endgame KRB-KRB} Rd8 33. Bb7 Bxd4 34. Kg2 Bf6 35. Rxd8+ Bxd8 36. b4 Be7 37. Bxa6 Bxb4 38. Bxb5 Bxa5 39. g4 {[%emt 0:00:26] Weighted Error Value: White=0.22 (precise) /Black=0.18 (very precise)} 1/2-1/2

[Event "13th KIIT Festival-A 2022"]
[Site "Bhubaneswar"]
[Date "2022.05.29"]
[Round "10.1"]
[White "Amonatov, Farrukh"]
[Black "Audi Ameya"]
[Result "1/2-1/2"]
[ECO "C92"]
[WhiteElo "2622"]
[BlackElo "2389"]
[Annotator "TA"]
[PlyCount "26"]
[EventDate "2022.05.15"]
[EventType "swiss"]
[EventCountry "IND"]
[SourceTitle "playchess.com"]
[Source "ChessBase"]
[SourceQuality "1"]
[TimeControl "5400+30"]

1. e4 e5 2. Nf3 Nc6 3. Bb5 a6 4. Ba4 Nf6 5. O-O Be7 6. Re1 b5 7. Bb3 d6 8. c3 O-O 9. h3 Re8 {[%emt 0:00:10] [#]} 10. Ng5 $146 ({Predecessor:} 10. d4 Bb7 11. Ng5 Rf8 12. Nf3 Re8 13. Ng5 Rf8 14. Nf3 Re8 {½-½ (14) Giri,A (2761)-Maghsoodloo,P (2699) Chess.com INT 2022}) 10... Rf8 11. Nf3 Re8 12. Ng5 {[%emt 0:00:11] 12.a3 is a critical line.} Rf8 13. Nf3 Re8 1/2-1/2

[Event "13th KIIT Festival-A 2022"]
[Site "Bhubaneswar"]
[Date "2022.05.29"]
[Round "10.2"]
[White "Mirzoev, Azer"]
[Black "Savchenko, Boris"]
[Result "1/2-1/2"]
[ECO "D02"]
[WhiteElo "2476"]
[BlackElo "2524"]
[Annotator "TA"]
[PlyCount "28"]
[EventDate "2022.05.15"]
[EventType "swiss"]
[EventCountry "IND"]
[SourceTitle "playchess.com"]
[Source "ChessBase"]
[SourceQuality "1"]
[TimeControl "5400+30"]

1. d4 Nf6 2. Nf3 g6 3. Nbd2 d5 4. e3 Bg7 5. c4 Nc6 (5... c5 $5) 6. Be2 {[%emt 0:00:42] D02: 1 d4 d5 2 Nf3 sidelines, including 2...Nf6 3 g3 and 2...Nf6 3 Bf4.} O-O 7. O-O a5 {[%emt 0:04:49] [#]} 8. b3 $146 {[%emt 0:00:24] White is slightly better.} ({Predecessor:} 8. cxd5 Nxd5 9. Nc4 Bf5 10. a3 a4 11. Bd2 Nf6 12. Rc1 Ne4 13. Bc3 Qd5 14. Ncd2 Nxc3 15. Rxc3 {½-½ (34) Mirzoev,A (2560)-Rombaldoni,A (2464) Cappelle la Grande 2012}) 8... Bf5 9. Bb2 Nb4 10. a3 (10. cxd5 $14 Nbxd5 11. Ne5) 10... Bc2 $1 $11 {[%emt 0:00:15] The position is equal.} 11. Qc1 Bd3 12. Qd1 Bc2 $1 13. Qc1 Bd3 14. Qd1 Bc2 $1 {[%emt 0:00:40] Weighted Error Value: White=0.09 (flawless) /Black=0.08 (flawless)} 1/2-1/2

[Event "13th KIIT Festival-A 2022"]
[Site "Bhubaneswar"]
[Date "2022.05.29"]
[Round "10.3"]
[White "Azaladze, Shota"]
[Black "Stupak, Kirill"]
[Result "1/2-1/2"]
[ECO "A01"]
[WhiteElo "2420"]
[BlackElo "2440"]
[Annotator "TA"]
[PlyCount "147"]
[EventDate "2022.05.15"]
[EventType "swiss"]
[EventCountry "IND"]
[SourceTitle "playchess.com"]
[Source "ChessBase"]
[SourceQuality "1"]
[TimeControl "5400+30"]

1. b3 d5 2. Bb2 Bg4 3. g3 Nd7 4. Bg2 Ngf6 5. Nf3 e6 6. d3 {[%emt 0:00:10] A01: Nimzowitsch-Larsen Opening.} a5 7. a3 Be7 8. Nbd2 O-O 9. O-O {[%emt 0:00:58] [#]} Nc5 $146 ({Predecessor:} 9... c5 10. e4 a4 11. h3 Bh5 12. Qe2 axb3 13. cxb3 h6 14. Rfc1 Bg6 15. Nh4 Bh7 {1-0 (49) Ladron de Guevara Pinto,P (2369)-Huerga Leache,M (2455) Linares 2016}) 10. Qe1 Nfd7 11. e4 c6 12. Qe3 Bh5 13. Nd4 Bf6 14. Rab1 (14. f4 $14) 14... e5 $36 {[%emt 0:10:36][%mdl 2048] Black has the initiative.} 15. N4f3 (15. Nf5 $11) 15... d4 $15 16. Qe1 b5 17. h3 Qc7 18. Nh2 Ne6 {[%emt 0:00:43] Prevents f4.} 19. h4 h6 $1 20. Bh3 Be7 21. Ng4 (21. Ndf3 $142) 21... Bd6 (21... a4 $17 22. Qc1 Ra6) 22. Qe2 {[%emt 0:03:03][%cal Og4h6] Strongly threatening Nxh6+!} Kh8 23. Nf3 a4 24. b4 {[%emt 0:00:09] [#]} c5 $1 25. c3 cxb4 26. cxb4 Rac8 27. Rbc1 Qb8 28. Kg2 Rxc1 29. Rxc1 Rc8 30. Qd2 Kh7 31. Rc2 Rxc2 32. Qxc2 Qc7 33. Qb1 Nd8 34. Qa2 (34. Qc1 $11) 34... Bxg4 $17 35. Bxg4 Nf6 36. Bh3 Qc2 37. Ne1 ({Not} 37. Bf5+ $2 g6 38. Bh3 Qxd3 $19) 37... Qe2 38. Qb1 {[%emt 0:00:16] [#]} (38. Qa1 $17 {keeps fighting.}) 38... Ng4 $2 ({Black should try} 38... h5 $1 $19 {White must now prevent ...Ng4.} 39. Nf3 Ng4 40. Bxd4 exd4 41. Bxg4 hxg4 42. Nxd4 Qd2) 39. Bxg4 $11 Qxg4 40. Qc2 Qd7 41. Bc1 {[%emt 0:00:50] The position is equal.} Qc6 42. h5 Qxc2 43. Nxc2 {[%emt 0:00:06][%mdl 4096] Endgame KBN-KBN} Ne6 44. Kh3 g6 45. Kg4 Ng7 46. hxg6+ Kxg6 47. f4 h5+ 48. Kf3 f5 49. fxe5 Bxe5 50. Bf4 Kf6 51. Ne1 Ne6 52. Ng2 Ng5+ 53. Bxg5+ Kxg5 54. exf5 Kxf5 {[%emt 0:00:02] KB-KN} 55. Nh4+ Kg5 56. Kg2 {[%emt 0:00:20] Nf3+ is the strong threat.} Kg4 57. Nf3 Bxg3 {[%emt 0:00:25] Hoping for ...Bd6.} 58. Nxd4 h4 59. Nxb5 h3+ 60. Kh1 Kf3 61. Nd4+ Kg4 62. Ne6 Kf3 63. Nd4+ Kg4 64. Nb5 Kf3 65. Nc3 Ke3 66. Nxa4 Kxd3 67. Nb6 Bd6 68. Kg1 Kc3 69. Nd5+ Kb3 70. b5 Kxa3 71. b6 Bc5+ 72. Kh2 Bxb6 73. Nxb6 Kb4 74. Kxh3 {[%emt 0:00:03] Weighted Error Value: White=0.13 (very precise) /Black=0.12 (very precise)} 1/2-1/2

[Event "13th KIIT Festival-A 2022"]
[Site "Bhubaneswar"]
[Date "2022.05.29"]
[Round "10.4"]
[White "Paichadze, Luka"]
[Black "Aleksandrov, Aleksej"]
[Result "1/2-1/2"]
[ECO "C47"]
[WhiteElo "2567"]
[BlackElo "2492"]
[Annotator "TA"]
[PlyCount "61"]
[EventDate "2022.05.15"]
[EventType "swiss"]
[EventCountry "IND"]
[SourceTitle "playchess.com"]
[Source "ChessBase"]
[SourceQuality "1"]
[TimeControl "5400+30"]

1. e4 e5 2. Nf3 Nc6 3. d4 exd4 4. Nxd4 Nf6 5. Nc3 Bb4 6. Nxc6 bxc6 7. Bd3 d5 8. exd5 O-O {[%emt 0:00:07] The modern move.} 9. O-O cxd5 {[%emt 0:00:06] The position is equal.} 10. h3 {[%emt 0:00:09] Against Bg4. C47: Scotch Four Knights and Four Knights with 4 g3.} c6 11. Qf3 Bd6 12. Ne2 Nd7 13. Bf4 Qf6 (13... Ne5 $5 14. Qg3 (14. Bxh7+ Kxh7 15. Qh5+ Kg8 $15) 14... Re8 $11) 14. Bxd6 ({But not} 14. Qh5 g6 15. Qh6 Ne5 $15) 14... Qxd6 {[%emt 1:21:23] [#]} 15. Nd4 $146 ({Predecessor:} 15. c3 Ne5 16. Qg3 Rd8 17. Bc2 Ba6 18. Rfe1 c5 {½-½ (18) Arnhold,S (2061)-Bauer,S (2312) Innsbruck 2021}) 15... Ne5 16. Qg3 Qf6 17. b4 a5 18. a3 Nxd3 19. Qxd3 Ba6 20. b5 cxb5 21. Nxb5 Bxb5 (21... Rac8 {seems wilder.} 22. Rab1 Rc5 23. a4 Qf4) 22. Qxb5 d4 23. Rfd1 g6 24. Qa4 Rac8 25. Rac1 Rc3 26. Rxd4 Rxh3 27. Rcd1 Rh5 28. Rd5 Rf5 29. Qd4 Qxd4 30. R1xd4 Rxd5 31. Rxd5 {[%emt 0:00:04] An interesting draw.  Weighted Error Value: White=0.02 (flawless) /Black=0.02 (flawless)} 1/2-1/2

[Event "13th KIIT Festival-A 2022"]
[Site "Bhubaneswar"]
[Date "2022.05.29"]
[Round "10.5"]
[White "Fedorov, Alexei"]
[Black "Pattnayak Nilsu"]
[Result "1-0"]
[ECO "C44"]
[WhiteElo "2529"]
[BlackElo "1992"]
[Annotator "TA"]
[PlyCount "101"]
[EventDate "2022.05.15"]
[EventType "swiss"]
[EventCountry "IND"]
[SourceTitle "playchess.com"]
[Source "ChessBase"]
[SourceQuality "1"]
[TimeControl "5400+30"]

1. e4 e5 2. Nf3 Nf6 3. d3 Nc6 4. Be2 d5 5. Nbd2 dxe4 6. dxe4 Bc5 7. c3 a5 8. Qc2 O-O 9. O-O Qe7 10. Nc4 {[%emt 0:03:23] C44: Ponziani Opening and Scotch Gambit.} h6 11. a4 Rd8 12. h3 {[%emt 0:15:38] [#] The position is equal.} b6 $146 ({Predecessor:} 12... Nh5 13. Be3 Nf4 14. Bxc5 Qxc5 15. Ne3 Be6 16. Rfe1 Rd6 17. Bf1 Rad8 18. Rad1 Rxd1 19. Rxd1 Rxd1 20. Qxd1 {1-0 (53) Eisenbeiser,K (1931)-Oden,E (2008) Baden 2020}) 13. Ne3 Bxe3 14. Bxe3 Bb7 15. Rfd1 Rxd1+ 16. Rxd1 Rd8 17. Nd2 Nb8 18. f3 Nh5 19. Nc4 Rxd1+ 20. Qxd1 Nc6 21. Bf2 Nf4 22. Bf1 Qg5 (22... Bc8 $14) 23. Kh2 (23. Qd7 $16) 23... Ba6 (23... Qe7 $14) 24. g3 $16 {[%emt 0:02:13] aiming for Qd7.} Ne6 {[%emt 0:06:17] [#]} 25. Qd7 {[%emt 0:00:58] Against Bc8} (25. Nxa5 $1 $16 Bxf1 26. Nxc6) 25... Qc1 $11 26. Kg2 Ncd8 27. Qd5 {[%emt 0:11:00] Active counter play!} Bxc4 28. Bxc4 Qxb2 29. Qxe5 Qc2 30. Qb5 Qxc3 31. Qe8+ Nf8 32. Bd5 (32. Qxd8 Qxc4 33. Qe8 c6 $19) 32... Nde6 33. f4 Qf6 $2 (33... g6 $15) 34. f5 $16 {[%emt 0:01:33][%mdl 1024] White has strong compensation.} Qd8 35. Qc6 ({White should try} 35. Qxd8 $16 Nxd8 36. g4) 35... Ng5 {[%emt 0:00:09] White now steadily converts the win.} (35... Nc5 $1 $11) 36. g4 $2 (36. h4 $18 Ngh7 37. e5) 36... Qd7 $2 (36... Qe7 $1 $11 {and Black is okay.} 37. Bd4 (37. h4 Ngh7 $15) 37... Qb4) 37. Bg3 $18 Qxc6 38. Bxc6 {[%emt 0:00:05][%mdl 4096] Endgame KBB-KNN} f6 (38... Nge6 $142 39. fxe6 Nxe6) 39. Bxc7 Kf7 40. h4 Ngh7 41. Bxb6 Ke7 42. Bxa5 Kd6 43. Bb5 Nd7 44. Bxd7 {[%emt 0:00:09] White mates.} Kxd7 {[%emt 0:00:06] KB-KN} 45. Bb4 Kc6 46. Kf3 Kb6 47. Ke3 Kb7 48. Kd4 Kc6 49. Kc4 Kc7 50. Kd5 Kd7 51. Bd6 {[%emt 0:00:12] Weighted Error Value: White=0.18 (very precise) /Black=0.58} 1-0

[Event "13th KIIT Festival-A 2022"]
[Site "Bhubaneswar"]
[Date "2022.05.29"]
[Round "10.6"]
[White "Gusain, Himal"]
[Black "Nikitenko, Mihail"]
[Result "0-1"]
[ECO "C02"]
[WhiteElo "2396"]
[BlackElo "2479"]
[Annotator "TA"]
[PlyCount "86"]
[EventDate "2022.05.15"]
[EventType "swiss"]
[EventCountry "IND"]
[SourceTitle "playchess.com"]
[Source "ChessBase"]
[SourceQuality "1"]
[TimeControl "5400+30"]

1. e4 e6 2. d4 d5 3. e5 c5 4. c3 Nc6 5. Nf3 Bd7 6. Bd3 cxd4 {[%emt 0:00:54] C02: French: Advance Variation.} 7. O-O {[%emt 0:00:06] is now debated instead of 7.cxd4.} (7. cxd4 $11 Qb6 8. Be2) 7... Qb6 8. Re1 Nh6 {[%emt 0:02:39] [#] Black has an edge.} 9. Bxh6 $146 ({Predecessor:} 9. c4 dxc4 10. Bxc4 Be7 11. Nbd2 Nf5 12. Ne4 O-O 13. a3 Rac8 14. Bd3 h6 15. b4 {½-½ (107) Jones,G (2670)-Bluebaum,M (2670) Chess.com INT 2020}) 9... gxh6 ({Much weaker is} 9... Qxb2 $6 10. Nbd2 dxc3 11. Bf4 cxd2 12. Bxd2 $17) 10. Nbd2 Qxb2 11. cxd4 (11. Rb1 $5 Qa3 12. Rb3 Qxa2 13. Nxd4 $15) 11... Nxd4 12. Rb1 Qc3 13. Re3 Nxf3+ 14. Nxf3 Qc7 15. Nd4 a6 {[%emt 0:01:43] Against Nb5} 16. Qh5 Rg8 17. Bxh7 Rg7 18. Bd3 Rg5 (18... Qc5 $142 19. Qh4 Qe7) 19. Qh4 Be7 20. Qxh6 O-O-O 21. Nf3 Rg4 22. h3 Rb4 23. Ree1 Bc6 24. Rbc1 ({Better is} 24. Rxb4 $14 Bxb4 25. Rb1) 24... Kb8 $15 25. Qh7 Rf4 26. Qh6 Ra4 27. Bc2 (27. h4 $15) 27... Rxa2 $17 {[%emt 0:05:53] Threatens to win with ...Bc5. White is now going downhill.} 28. Nd4 Bc5 29. Bb3 {[%emt 0:00:07] [#]} Bxd4 30. Bxa2 Bxe5 {[%emt 0:00:14][%cal Bd4e5,Be5h2,Bh2d6,Bd6c5,Bc5b6][%mdl 32] Hoping for ...Bh2+. A strong pair of Bishops.} 31. Qh7 Rh8 32. Qd3 Bh2+ 33. Kh1 {[%emt 0:00:05][%cal Oc1c6] [#] aiming for Rxc6!} Bd6 $36 {[%emt 0:00:03][%mdl 2048] Keeping White busy.} 34. Bb3 Qb6 35. Kg1 Qb4 36. Rcd1 (36. Red1 $17 {was necessary.}) 36... Qf4 $19 37. g3 Qf6 38. h4 (38. Qd4 {was worth a try.} Qxd4 39. Rxd4) 38... Bc5 39. Qc2 Bb6 {[%emt 0:01:24] White must now prevent ...Rg8.} 40. Re2 $2 (40. Rf1 Bb5 41. Kg2) 40... Qf3 41. Rd3 Qg4 {[%emt 0:00:04] And now ...Rxh4 would win.} 42. Qd1 Rxh4 {[%emt 0:03:18] ( -> ...d4)} 43. Rb2 (43. Rc2 $142 Qg7 44. Qf3) 43... d4 {[%emt 0:00:42] Weighted Error Value: White=0.42/Black=0.19 (very precise)} 0-1

[Event "13th KIIT Festival-A 2022"]
[Site "Bhubaneswar"]
[Date "2022.05.29"]
[Round "10.7"]
[White "Arpita, Mukherjee"]
[Black "Laxman, R.R."]
[Result "1-0"]
[ECO "C77"]
[WhiteElo "2275"]
[BlackElo "2420"]
[Annotator "TA"]
[PlyCount "57"]
[EventDate "2022.05.15"]
[EventType "swiss"]
[EventCountry "IND"]
[SourceTitle "playchess.com"]
[Source "ChessBase"]
[SourceQuality "1"]
[TimeControl "5400+30"]

1. e4 e5 2. Nf3 Nc6 3. Bb5 a6 4. Ba4 Nf6 5. d3 d6 6. c3 g6 7. O-O Bg7 8. Nbd2 {[%emt 0:00:06] C77: Ruy Lopez: 3...a6 4 Ba4 Nf6, unusual lines.} b5 9. Bc2 O-O 10. Re1 {[%emt 0:01:17] The position is equal.} Nb8 11. a4 Bb7 12. b4 Nbd7 13. Nb3 c5 14. Na5 Qc7 {[%emt 0:00:02] [#]} 15. Bd2 $146 ({Predecessor:} 15. Nxb7 Qxb7 16. Rb1 Qc6 17. d4 c4 18. Ra1 Qb7 19. h3 Rfe8 20. d5 Rf8 21. Bg5 {1-0 (52) Fedorchuk,S (2577)-Grabarczyk,M (2487) Warsaw 2005}) 15... Rac8 16. Nxb7 Qxb7 17. axb5 axb5 18. Bb3 d5 19. exd5 cxb4 20. cxb4 ({Much weaker is} 20. c4 e4 21. Bxb4 Rfe8 $11) 20... Nxd5 21. Ng5 Nc3 22. Qg4 {[%emt 0:05:34] Qh3 is the strong threat.} Nf6 {[%emt 0:00:32] [#]} 23. Qh3 Na4 {[%emt 0:01:04] This move loses the game for Black.} (23... Ncd5 $16 {might work better.}) 24. Rxe5 $18 ({Not} 24. Nxf7 Rxf7 25. Bxf7+ (25. Rxe5 Ng4 $11) 25... Kxf7 $16) 24... Nh5 $2 (24... Qd7 25. Nxf7 Qxh3 26. gxh3 (26. Nh6+ Kh8 $11) 26... Rxf7) 25. Nxf7 {[%emt 0:01:20] White is clearly winning.} Bxe5 26. Nd6+ Kh8 27. Nxb7 Bxa1 28. Nd6 Bd4 29. Nf7+ {[%emt 0:00:53] Weighted Error Value: White=0.04 (flawless) /Black=0.40} 1-0

[Event "13th KIIT Festival-A 2022"]
[Site "Bhubaneswar"]
[Date "2022.05.29"]
[Round "10.8"]
[White "Nitin, S.."]
[Black "Rohith Krishna S"]
[Result "1/2-1/2"]
[ECO "C49"]
[WhiteElo "2399"]
[BlackElo "2337"]
[Annotator "TA"]
[PlyCount "36"]
[EventDate "2022.05.15"]
[EventType "swiss"]
[EventCountry "IND"]
[SourceTitle "playchess.com"]
[Source "ChessBase"]
[SourceQuality "1"]
[TimeControl "5400+30"]

1. e4 e5 2. Nf3 Nc6 3. Nc3 Nf6 4. Bb5 Bb4 5. O-O O-O 6. d3 Bxc3 7. bxc3 d6 8. Bg5 h6 9. Bh4 Qe7 10. Nd2 {[%emt 0:00:22] C49: Four Knights: 4 Bb5 Bb4.} a6 11. Bxc6 bxc6 12. Re1 Qe6 {[%emt 0:00:46] [#]} 13. Bxf6 $146 ({Predecessor:} 13. d4 Nd7 14. Nf1 Nb6 15. Bg3 Re8 16. h3 a5 17. Qf3 Nc4 18. Nh2 f6 19. Ng4 {½-½ (61) Grischuk,A (2795)-Leko,P (2731) Sochi 2014}) 13... Qxf6 14. Qf3 Qg6 15. Qg3 {[%emt 0:00:09] The position is equal.} Qf6 16. Qf3 Qg6 17. Qg3 Qf6 18. Qf3 Qg6 {[%emt 0:01:00] An uneventful encounter.  Weighted Error Value: White=0.07 (flawless) /Black=0.09 (flawless)} 1/2-1/2

[Event "13th KIIT Festival-A 2022"]
[Site "Bhubaneswar"]
[Date "2022.05.29"]
[Round "10.9"]
[White "Rahman, Ziaur"]
[Black "Kiran, Manisha Mohanty"]
[Result "1-0"]
[ECO "D00"]
[WhiteElo "2431"]
[BlackElo "2098"]
[Annotator "TA"]
[PlyCount "64"]
[EventDate "2022.05.15"]
[EventType "swiss"]
[EventCountry "IND"]
[SourceTitle "playchess.com"]
[Source "ChessBase"]
[SourceQuality "1"]
[TimeControl "5400+30"]

1. d4 Nf6 2. Bf4 g6 3. Nc3 d5 4. e3 Bg7 5. Nb5 Na6 6. h3 c6 7. Nc3 Nb8 8. Nf3 O-O 9. Be2 h6 {[%emt 0:07:01] D00: 1 d4 d5: Unusual lines.} 10. O-O Nbd7 11. a4 {[%emt 0:01:26][%cal Ba2a4,Ba4a5][%mdl 32] [#]} Ne4 $146 {[%emt 0:07:53] White is slightly better.} ({Predecessor:} 11... a5 12. Bd3 Re8 13. Bh2 Nh5 14. e4 e5 15. dxe5 dxe4 16. Bxe4 Nxe5 17. Qxd8 Nxf3+ 18. Bxf3 Rxd8 19. Rad1 Rxd1 20. Rxd1 {½-½ (40) Novikov,K (1696)-Hammerschmidt,V (1907) LSS email 2013}) 12. a5 a6 (12... f5 $14) 13. Nxe4 $16 dxe4 14. Nd2 {[%emt 0:00:06] White is more active.} f5 {[%emt 0:00:32] [#]} 15. Nc4 $1 {[%emt 0:03:15] Inhibits e5.} ({Resist} 15. Bc4+ Kh7 $14) 15... e6 16. c3 Kh8 17. Bd6 Rg8 18. f3 exf3 19. Bxf3 Qg5 (19... b5 $142) 20. Qe1 Bf8 21. e4 Bxd6 22. Nxd6 {[%emt 0:00:05] [#] And now Nf7+ would win.} Qe7 {[%emt 0:00:07] Prevents Nf7+.} 23. e5 Nf8 24. c4 Rb8 25. Ra3 Bd7 26. Rb3 Be8 27. Qe3 g5 28. d5 cxd5 (28... Nd7 {was called for.} 29. Re1 (29. dxc6 bxc6 30. Rxb8 Nxb8 $18) (29. Nxb7 exd5 30. cxd5 Nxe5 $18) 29... Bg6 30. Rxb7 (30. dxc6 bxc6 31. Rxb8 Nxb8 $16) 30... Rxb7) 29. cxd5 $18 Bd7 30. Rb6 Ng6 31. Rc1 Rgf8 (31... Rg7 $142 32. dxe6 Bxe6 33. Nxb7 Rc8) 32. Rc7 exd5 {[%emt 0:02:10] Black got outplayed after the opening.  Weighted Error Value: White=0.06 (flawless) /Black=0.39} 1-0

[Event "13th KIIT Festival-A 2022"]
[Site "Bhubaneswar"]
[Date "2022.05.29"]
[Round "10.9"]
[White "Karthikeyan, P.."]
[Black "Shiva Pavan Teja Sharma U"]
[Result "1-0"]
[ECO "D27"]
[WhiteElo "2361"]
[BlackElo "2064"]
[Annotator "TA"]
[PlyCount "87"]
[EventDate "2022.05.15"]
[EventType "swiss"]
[EventCountry "IND"]
[SourceTitle "playchess.com"]
[Source "ChessBase"]
[SourceQuality "1"]
[TimeControl "5400+30"]

1. d4 Nf6 2. c4 e6 3. Nf3 d5 4. Nc3 c5 5. e3 dxc4 6. Bxc4 a6 7. a4 b6 8. O-O Bb7 9. Qe2 Nc6 10. Rd1 Qc7 11. d5 {[%emt 0:03:22] D27: Queen's Gambit Accepted: Classical main line: 7 e4!? and 7 a4.} exd5 12. Bxd5 Be7 13. e4 {[%emt 0:06:25][%cal Be3e4,Be4e5][%mdl 32] [#] Black must now prevent e5. White is slightly better.} Nd8 $146 (13... Rd8 $14) ({Predecessor:} 13... O-O 14. e5 Nd4 15. Rxd4 cxd4 16. exf6 Bxf6 17. Bxb7 Qxb7 18. Ne4 Qc6 19. Nxf6+ Qxf6 {1-0 (39) Atalik,S (2570)-Krush,I (2465) Kansas 2003}) 14. Bxb7 $18 Qxb7 {[%emt 0:01:18] [#]} 15. e5 $1 Nd7 (15... Ng8 {might work better.} 16. Ng5 Kf8) 16. Bg5 Nf8 17. Bxe7 Qxe7 18. Rd6 Nfe6 19. Nd5 Qb7 20. Nxb6 Rb8 21. a5 O-O 22. Nd7 Nf4 23. Qd2 Nde6 24. Nxb8 Qxb8 (24... Rxb8 {keeps fighting.} 25. Rb6 Qa8) 25. Ra4 Ng6 26. Rb6 {[%emt 0:03:01] Prevents Qb3.} Qa8 27. Rc4 Rd8 28. Rd6 Rb8 29. b4 cxb4 30. Rxb4 Rc8 31. h4 h6 32. h5 Ne7 33. Rd7 Nc6 34. Rc4 Nxa5 35. Rg4 Rc4 $2 (35... Qc6 36. Rd6 Qc1+ 37. Kh2 Qxd2 38. Nxd2 Rc5) 36. Rg3 (36. Qxa5 Rxg4 37. Qc3 a5 $15) (36. Rxc4 $142 Nxc4 37. Qb4) 36... Nb3 (36... Qe8 37. Rd6 Nb7) 37. Qxh6 {[%emt 0:00:49][%cal Og3g7] White is clearly winning.} Nbc5 {[%emt 0:00:25] [#]} 38. Rxf7 $3 Kxf7 {[%emt 0:01:10] [#]} 39. Rxg7+ $3 {[%emt 0:00:05][%mdl 576] Deflection} Nxg7 40. Ng5+ Ke8 41. Qh8+ {[%emt 0:00:19][%mdl 64] Skewer} Kd7 42. Qxa8 {[%emt 0:00:27] Intending Qd5+ and mate.} Rc1+ 43. Kh2 Nxh5 44. Qd5+ {[%emt 0:00:35] Black got outplayed after the opening.  Weighted Error Value: White=0.10 (very precise) /Black=0.48} 1-0